 Dungeon Crawl Stone Soup version 0.30-a0-1094-g860fb061e7 (webtiles) character file.

Game seed: 6182397743941684314

43 Chudface the Poker (level 4, -2/54 HPs)
             Began as a Meteoran Wanderer on Apr 17, 2023.
             Succumbed to a water moccasin's poison
             ... on level 3 of the Dungeon.
             The game lasted 00:05:15 (861 turns).

Chudface the Poker (Meteoran Wanderer)               Turns: 861, Time: 00:05:16

Health: -2/54      AC:  2    Str: 13    XL:     4   Next: 6%
Magic:  7/7        EV: 11    Int: 12    God:
Gold:   81         SH:  0    Dex: 17    Spells: 5/5 levels left

rFire   . . .      SeeInvis .    a - +0 trident
rCold   . . .      Faith    .    (no shield)
rNeg    . . .      Spirit   .    f - +0 robe
rPois   .          Reflect  .    (no helmet)
rElec   .          Rampage  .    (no cloak)
rCorr   .                        (no gloves)
Will    .....                    (no boots) Stlth
                                 (no amulet)
HPRegen 0.29/turn                (no ring)
MPRegen 0.10/turn                (no ring)

@: berserking, lethally poisoned (-2 -> -32), glowing, very quick
A: sense surroundings 1, otherworldly, glowing, explore regen
a: no special abilities


You were on level 3 of the Dungeon.
You visited 1 branch of the dungeon, and saw 3 of its levels.

You collected 81 gold pieces.

Inventory:

Hand Weapons
 a - a +0 trident (weapon)
 b - a +0 sling
Missiles
 c - 8 boomerangs (quivered)
Armour
 f - a +0 robe (worn)
 s - an orb of mayhem
Scrolls
 d - a scroll of immolation {unknown}
 i - 2 scrolls of identify {unknown}
 k - 2 scrolls of poison {unknown}
 l - a scroll of enchant armour {unknown}
 n - 2 scrolls of amnesia {unknown}
 q - a scroll of enchant weapon {unknown}
Potions
 g - a potion of ambrosia {unknown}
 h - a potion of flight {unknown}
 j - a potion of curing {unknown}
 m - a potion of attraction {unknown}
 o - a potion of lignification {unknown}
 p - 2 potions of brilliance {unknown}
 r - 2 potions of haste {unknown}


   Skills:
 + Level 2.2 Fighting
 - Level 2.4 Long Blades
 - Level 3.6 Polearms
 - Level 1.2 Throwing
 + Level 2.5 Armour
 - Level 1.3 Spellcasting
 - Level 2.4 Invocations


You had 5 spell levels left.
You didn't know any spells.
Your spell library contained the following spells:

 Spells                   Type           Power      Damage    Failure   Level
 Sting                    Tmut/Pois      0%         1d3       28%         1
 Poisonous Vapours        Pois/Air       0%         N/A       41%         2
 Olgreb's Toxic Radiance  Pois           0%         N/A       96%         4


Dungeon Overview and Level Annotations

Branches:
Dungeon (3/15) Zot: 923

Altars:

Shops:
D:2 !


Innate Abilities, Weirdness & Mutations

You passively map a small area around you.
You are easily found by Zot.
You glow in the dark.
You regain HP and MP as you explore.


Message History

You reach to attack!
You hit the goblin.
The goblin is heavily wounded.
You puncture the goblin!
You kill the goblin!
Things that are here:
a +0 club; a goblin corpse A water moccasin comes into view.
The water moccasin hisses angrily.
You see here 10 gold pieces.
You now have 81 gold pieces (gained 10).
You reach to attack!
You barely miss the water moccasin.
The water moccasin bites you but does no damage.
You miss the water moccasin. The water moccasin closely misses you.
You closely miss the water moccasin. The water moccasin bites you. x2
You are poisoned.
The water moccasin poisons you!
You barely miss the water moccasin.
You feel very sick. The water moccasin bites you!
You are lethally poisoned!
The water moccasin poisons you!
You are too injured to fight recklessly!
You are too injured to fight recklessly!
You are too injured to fight recklessly!
A red film seems to cover your vision as you go berserk!
You feel yourself moving faster!
You feel mighty!
You feel extremely sick. The water moccasin bites you.
* * * LOW HITPOINT WARNING * * *
The water moccasin barely misses you.
You miss the water moccasin.
* * * LOW HITPOINT WARNING * * *
You feel very sick. The water moccasin bites you.
* * * LOW HITPOINT WARNING * * *
You are more poisoned.
The water moccasin poisons you!
Unknown command.
You miss the water moccasin.
You die...

##..##### ..#
........## ..## *
##.......###...##*
#.........#<....#
**
#...............#
#..........#....# ,
, #......)(>##....#
*
#.........##......
##.....@.##...#####
#.......S...#.#
#...........#.# ,
#...........#,
,##.........#...
,.......<...##..# *
..........## ..# *
* ###......## *,..,
, #.###### * *


You could see a water moccasin.

Vanquished Creatures
  A dart slug (D:1)
  2 endoplasms
  5 giant cockroaches
  4 goblins
  2 hobgoblins (D:1)
  4 jackals (D:1)
  2 kobolds
  A quokka (D:1)
  4 ball pythons (D:2)
  5 bats
  A frilled lizard (D:1)
  3 rats
34 creatures vanquished.

Notes
Turn   | Place    | Note
-------+----------+-------------------------------------------
     0 | D:1      | Chudface the Meteoran Wanderer began the quest for the Orb.
     0 | D:1      | Chudface set off with the following items: a +0 trident, a
                  | +0 falchion, 8 boomerangs, a +0 dagger, a potion of berserk
                  | rage, a +0 robe.
     0 | D:1      | Reached XP level 1. HP: 16/16 MP: 3/3
   195 | D:1      | Reached XP level 2. HP: 23/23 MP: 5/5
   303 | D:1      | Reached XP level 3. HP: 26/29 MP: 6/6
   678 | D:3      | Reached XP level 4. HP: 36/36 MP: 7/7
   799 | D:2      | Found Xuppaimn's Distillery.
   852 | D:3      | Noticed a water moccasin
   860 | D:3      | HP: 2/54 [water moccasin (4)]
   861 | D:3      | Succumbed to a water moccasin's poison

Illustrated notes

Levels and vault maps discovered:
D:1:      ebering_trefoil_twist, layout_basic
D:2:      layout_basic, serial_shops, shop
D:3:      layout_rooms, lightli_temple_of_fire, elyvilon_altar_1, goddamned_bats

Skill      XL: |  1  2  3 |
---------------+----------+-----
Long Blades    | 2 |  2.4
Armour         | 2 |  2.5
Fighting       | 2 |  2.2
Polearms       | |  3.6
Throwing       | |  1.2
Spellcasting   | |  1.3
Invocations    | |  2.4

Action                     |  1- 3 |  4- 6 || total
---------------------------+-------+-------++-------
  Melee: Trident           |    98 |    12 ||   110
         Punch             |     1 |       ||     1
    Use: Potion            |       |     1 ||     1
 Armour: Robe              |    22 |     1 ||    23
  Dodge: Dodged            |    47 |     3 ||    50

Table legend: (Time is in decaauts)
 A = Elapsed time spent in this place.
 B = Non-inter-level travel time spent in this place.
 C = Inter-level travel time spent in this place.
 D = Time resting spent in this place.
 E = Time spent auto-exploring this place.
 F = Levels seen in this place.
 G = Mean time per level.
                   A        B        C        D        E       F      G
               +--------+--------+--------+--------+--------+-----+--------+
         Total |    876 |    730 |    146 |      0 |      0 |   3 |  292.0 |
       Dungeon |    876 |    730 |    146 |      0 |      0 |   3 |  292.0 |
               +--------+--------+--------+--------+--------+-----+--------+

Top non-repeatable levels by time:
     D:2: 441 daAuts
     D:1: 395 daAuts
     D:3: 39 daAuts
